 Dungeon Crawl Stone Soup version 0.31-a0-1074-g0b22e4e0f1 (webtiles) character file.

Game seed: 9654185158971630936

1291 Dittersdorf the Trooper (level 8, -3/52 HPs)
             Began as a Gargoyle Fighter on Dec 1, 2023.
             Was an Initiate of Gozag.
             Slain by a troll (5 damage)
             ... on level 5 of the Dungeon.
             The game lasted 00:06:06 (4348 turns).

Dittersdorf the Trooper (Gargoyle Fighter)          Turns: 4348, Time: 00:06:07

Health: -3/52      AC: 18    Str: 22    XL:     8   Next: 55%
Magic:  8/8        EV:  7    Int:  9    God:    Gozag
Gold:   664        SH: 10    Dex:  9    Spells: 7/7 levels left

rFire   . . .        r - +2 whip (flame)
rCold   . . .        p - +1 kite shield
rNeg    + . .        y - +0 chain mail
rPois   ∞            w - +0 helmet
rElec   +            (no cloak)
rCorr   .            i - +0 pair of gloves
SInv    .            (no boots)
Will    +....        (no amulet) Stlth
                     g - ring of willpower
HPRegen 0.28/turn    (no ring)
MPRegen 0.11/turn

%: no passive effects
@: no status effects
A: sickness immunity, AC +5, negative energy resistance 1, electricity
resistance, torment resistance 1, petrification resistance
a: Renounce Religion, Potion Petition, Call Merchant, Bribe Branch


You were on level 5 of the Dungeon.
You worshipped Gozag.
Gozag was pleased with you.
You visited 1 branch of the dungeon, and saw 6 of its levels.

You collected 710 gold pieces.
You paid 46 gold pieces to Gozag.

Inventory:

Hand Weapons
 a - a +0 flail
 r - a +2 whip of flaming (weapon)
Missiles
 x - a throwing net
Armour
 i - a +0 pair of gloves (worn)
 n - a +0 crystal plate armour
 p - a +1 kite shield (worn)
 w - a +0 helmet (worn)
 y - a +0 chain mail (worn)
Jewellery
 g - a ring of willpower (left hand)
 l - a ring of ice
Wands
 B - a wand of acid (8) (quivered)
Scrolls
 e - 2 scrolls of enchant armour
 u - a scroll of revelation
Potions
 b - 3 potions of heal wounds {unknown}
 d - a potion of might
 f - 2 potions of curing {unknown}
 j - a potion of brilliance {unknown}
 k - a potion of magic {unknown}
 t - 3 potions of ambrosia {unknown}
 z - a potion of degeneration {unknown}
 A - a potion of mutation


   Skills:
 + Level 6.4 Fighting
 + Level 5.3 Maces & Flails
 + Level 6.4 Armour
 + Level 6.3 Shields


You had 7 spell levels left.
You didn't know any spells.
Your spell library contained the following spells:

 Spells                   Type           Power      Damage    Failure   Level
 Magic Dart               Conj           0%         1d3       99%         1
 Call Imp                 Summ           0%         N/A       100%        2
 Dazzling Flash           Conj/Hex       0%         N/A       100%        3
 Frozen Ramparts          Ice            0%         1d1       100%        3
 Inner Flame              Hex/Fire       0%         N/A       100%        3
 Mephitic Cloud           Conj/Pois/Air  0%         N/A       100%        3
 Dispel Undead            Necr           0%         3d6       100%        4
 Flame Wave               Conj/Fire      0%         2d4       100%        4
 Petrify                  Tmut/Erth      0%         N/A       100%        4
 Sticky Flame             Conj/Fire      0%         2d3       100%        4
 Agony                    Necr           0%         N/A       100%        5
 Metabolic Englaciation   Hex/Ice        0%         N/A       100%        5
 Silence                  Hex/Air        0%         N/A       100%        5
 Death Channel            Necr           0%         N/A       100%        6
 Cigotuvi's Dreadful Rot  Necr/Pois/Air  Unusable   N/A       N/A         2

Dungeon Overview and Level Annotations

Branches:
Dungeon (6/15)             Temple (0/1) D:4

Altars:
Ashenzari
Cheibriados
Fedhas
Gozag
Okawaru
Ru
Sif Muna
Trog
Wu Jian
The Shining One


Innate Abilities, Weirdness & Mutations

You are immune to sickness and miasma.
Your stone body is resilient. (AC +5)
You are immune to poison.
You resist negative energy. (rN+)
You are resistant to electric shocks. (rElec)
You are resistant to unholy torment.
You are immune to petrification.


Message History

The troll claws you but does no damage.
You hit the troll. You burn the troll.
The troll is moderately wounded.
The troll bites you!
* * * LOW HITPOINT WARNING * * *
The troll claws you but does no damage. You block the troll's attack.
You hit the troll. You burn the troll.
The troll is heavily wounded.
The troll bites you but does no damage. You block the troll's attack. x2
You whack the troll! You burn the troll.
The troll is severely wounded.
You hit the troll. You burn the troll.
The troll is almost dead.
The troll bites you but does no damage. The troll claws you.
* * * LOW HITPOINT WARNING * * *
The troll claws you but does no damage.
You closely miss the troll.
The troll is almost dead.
You block the troll's attack. x3
You closely miss the troll.
The troll is almost dead.
You block the troll's attack.
The troll claws you but does no damage. x2
You hit the troll. You burn the troll.
The troll is almost dead.
You block the troll's attack. x2; The troll claws you.
* * * LOW HITPOINT WARNING * * *
You barely miss the troll.
The troll is almost dead.
The troll is distracted by your dazzling golden aura.
The troll shouts!
You hit the troll. You burn the troll.
The troll is no longer distracted by gold.
The troll is almost dead.
The troll barely misses you. You block the troll's attack. The troll claws you.
* * * LOW HITPOINT WARNING * * *
You hit the troll. You burn the troll.
The troll is almost dead.
You block the troll's attack. x2; The troll claws you.
You die...
Your body crumbles into a pile of gold.

##......)..#.....#..####..
##.###.#........#..# #..
#....#.#........#..# #..
####..#...........##..####..
#..................#........
#..............###)#........
###..............###.########'
#.##........T.$#.......####...
##........[[..@................
###....#.....[)).......##....#...
#...##.#...............###..###..
....##....##.......#..## ##..#...
..####.#..#...#....#...###.......
..## ###..#...#....#.....#....#.#
#..######.....##.............###.
#..##.###......##.........##..#..
#......#...........###...........


You could see a troll (corroded).

Vanquished Creatures
  Grinder (D:3)
  A centaur (D:5)
  An ogre (D:5)
  2 bullfrogs
  A scorpion (D:4)
  A howler monkey (D:5)
  6 hounds
  3 orc priests
  2 iguanas (D:5)
  4 orc wizards (D:5)
  9 gnolls
  9 adders
  A shadow imp (D:5)
  A worm (D:5)
  2 dart slugs
  18 orcs
  5 bats
  6 endoplasms
  3 giant cockroaches
  3 goblins
  14 hobgoblins
  7 jackals
  10 kobolds
  5 quokkas
  6 ball pythons
  6 frilled lizards
  3 rats
130 creatures vanquished.

Notes
Turn   | Place    | Note
-------+----------+-------------------------------------------
     0 | D:1      | Dittersdorf the Gargoyle Fighter began the quest for the
                  | Orb.
     0 | D:1      | Reached XP level 1. HP: 14/14 MP: 1/1
    80 | D:1      | Reached XP level 2. HP: 19/19 MP: 2/2
   256 | D:1      | Found a bloodstained altar of Trog.
   266 | D:1      | Reached XP level 3. HP: 15/23 MP: 3/3
   715 | D:2      | Reached XP level 4. HP: 29/29 MP: 4/4
  1087 | D:1      | Reached XP level 5. HP: 20/33 MP: 5/5
  1462 | D:3      | Found a faded altar of an unknown god.
  1504 | D:3      | Found a snail-covered altar of Cheibriados.
  1580 | D:3      | Found a glowing golden altar of the Shining One.
  1616 | D:3      | Found a shimmering blue altar of Sif Muna.
  1617 | D:3      | Found an iron altar of Okawaru.
  1619 | D:3      | Found an ornate altar of the Wu Jian Council.
  1619 | D:3      | Found an opulent altar of Gozag.
  1620 | D:3      | Found a bloodstained altar of Trog.
  1622 | D:3      | Found a sacrificial altar of Ru.
  1627 | D:3      | Became a worshipper of Gozag Ym Sagoz the Greedy
  1747 | D:3      | Noticed Grinder
  1771 | D:3      | Killed Grinder
  1772 | D:3      | Reached XP level 6. HP: 33/40 MP: 6/6
  2075 | D:4      | Found a broken altar of Ashenzari.
  2080 | D:4      | Found a blossoming altar of Fedhas.
  2272 | D:4      | Reached skill level 5 in Fighting
  2272 | D:4      | Reached skill level 5 in Armour
  2278 | D:4      | Reached skill level 5 in Shields
  2393 | D:4      | Found a staircase to the Ecumenical Temple.
  2430 | D:4      | Reached XP level 7. HP: 43/44 MP: 7/7
  3000 | D:5      | Entered Level 5 of the Dungeon
  3287 | D:5      | Reached XP level 8. HP: 41/51 MP: 8/8
  3764 | D:5      | Reached skill level 5 in Maces & Flails
  4293 | D:6      | Noticed a two-headed ogre
  4294 | D:6      | Noticed a troll
  4347 | D:5      | HP: 2/52 [troll (6)]
  4348 | D:5      | Slain by a troll

Illustrated notes

Levels and vault maps discovered:
D:1:      amcnicky_arrival_flooded_fountain, layout_rooms, minmay_hexomino_r4
D:2:      cheibrodos_helix_gallery, layout_rooms, kennysheep_generic_room_4
D:3:      layout_rooms, nicolae_overflow_hallway_of_the_gods,
          mainiacjoe_overflow_boulevard, basic_ecumenical_altar, uniq_grinder
D:4:      layout_loops_corners, minitemple, minmay_temple_entry_trees,
          corexii_item_surrounded_by_moat, cheibrodos_gnoll_hut
D:5:      layout_cave_pools, kennysheep_dice
D:6:      hangedman_cross_stitches, layout_loops_ring

Skill      XL: |  1  2  3  4  5  6  7  8 |
---------------+-------------------------+-----
Armour         | 4 5 6 |  6.4
Fighting       | 4 5 6 |  6.4
Shields        | 4 5 6 |  6.3
Maces & Flails | 3 4 5 |  5.3

Action                     |  1- 3 |  4- 6 |  7- 9 || total
---------------------------+-------+-------+-------++-------
  Melee: Flail             |   132 |   120 |       ||   252
         Whip              |       |   104 |   277 ||   381
  Evoke: Wand              |       |       |     1 ||     1
    Use: Scroll            |       |       |    11 ||    11
 Armour: Scale mail        |    89 |   172 |    55 ||   316
         Chain mail        |       |       |   222 ||   222
  Dodge: Dodged            |    66 |    95 |   120 ||   281
  Block: Buckler           |    44 |    24 |       ||    68
         Kite shield       |       |    58 |   181 ||   239

Table legend: (Time is in decaauts)
 A = Elapsed time spent in this place.
 B = Non-inter-level travel time spent in this place.
 C = Inter-level travel time spent in this place.
 D = Time resting spent in this place.
 E = Time spent auto-exploring this place.
 F = Levels seen in this place.
 G = Mean time per level.
                   A        B        C        D        E       F      G
               +--------+--------+--------+--------+--------+-----+--------+
         Total |   4433 |   4256 |    177 |    275 |   2768 |   6 |  738.8 |
       Dungeon |   4433 |   4256 |    177 |    275 |   2768 |   6 |  738.8 |
               +--------+--------+--------+--------+--------+-----+--------+

Top non-repeatable levels by time:
     D:4: 1243 daAuts
     D:5: 1124 daAuts
     D:1: 722 daAuts
     D:2: 663 daAuts
     D:3: 556 daAuts
     D:6: 122 daAuts
